[Event "*** Titled Tuesday Blitz"]
[Site "Chess.com"]
[Date "2021.04.06"]
[Round "7"]
[White "Handszar"]
[Black "Zmof"]
[Result "1-0"]
[WhiteElo "2360"]
[BlackElo "2211"]
[TimeControl "180+1"]
[EndTime "11:19:09 PDT"]
[Termination "Handszar won by resignation"]

1. e4 c5 2. Nf3 Nc6 3. Bb5 g6 4. O-O Bg7 5. c3 e5 6. d4 cxd4 7. cxd4 exd4 8. Bf4 Nge7 9. Bd6 a6 10.
Bc4 O-O 11. Nbd2 b5 12. Bb3 Bb7 13. e5 Na5 14. Nxd4 Nxb3 15. N2xb3 Re8 16. Nc5 Bc6 17.
Qd2 Nd5 18. f4 Qh4 19. Rae1 Rac8 20. Nxc6 dxc6 21. f5 a5 22. Re4 Qh6 23. Qf2 Bf8 24. Bxf8 Qxf8 25. Nd7 Qe7 26. e6 fxe6 27. fxe6 Rf8 28.
Nxf8 Rxf8 29. Qd4 Rxf1+ 30. Kxf1 a4 31. a3 Qg5 32. e7 Nxe7 33. Qd7 Qf5+ 34. Qxf5 Nxf5 35.
Re6 Nd4 36. Rd6 c5 37. Rd5 Ne6 38. Ke2 Kf7 39. Ke3 Ke7 40. Ke4 h6 41. Ke5 c4 42.
Rxb5 Ng5 43. Rb7+ Kd8 44. Kf6 Ne4+ 45. Kxg6 c3 46. bxc3 Nxc3 47. Rb4 Nd5 48. Rd4 1-0

[Event "*** Titled Tuesday Blitz"]
[Site "Chess.com"]
[Date "2021.04.06"]
[Round "7"]
[White "aaaao"]
[Black "powermove"]
[Result "0-1"]
[WhiteElo "2574"]
[BlackElo "1692"]
[TimeControl "180+1"]
[EndTime "11:19:09 PDT"]
[Termination "powermove won by checkmate"]

1. c4 e6 2. Nf3 d5 3. b3 Nf6 4.
Bb2 c6 5. d3 Nbd7 6. Nbd2 Be7 7.
e4 O-O 8. e5 Ne8 9. Be2 f6 10. exf6 Bxf6 11. d4 c5 12. O-O cxd4 13. cxd5 e5 14. Ne4 Be7 15. Bc4 Nd6 16. Re1 Kh8 17.
a4 Nxe4 18. Rxe4 Bd6 19. Bc1 Nc5 20. Bg5 Qe8 21. Rh4 Qg6 22. b4 Ne4 23. Bd2 Bg4 24. Rxg4 Qxg4 25. Be2 Nxd2 26. Qxd2 Rae8 27. Rc1 Qg6 28.
Ne1 Qh6 29. Qxh6 gxh6 30. f3 Bxb4 31. Nd3 Bd6 32. Nf2 Rc8 33. Rb1 e4 34. Nxe4 Be5 35.
Bd3 Rfd8 36. Rxb7 Rxd5 37. Ng3 Ra5 38. Rxh7+ Kg8 39. Nh5 Rxa4 40. Rxh6 Ra1+ 41. Kf2 Rc3 42. Bh7+ Kf8 43. f4 Ra2+ 44. Ke1 Rc1# 0-1

[Event "*** Titled Tuesday Blitz"]
[Site "Chess.com"]
[Date "2021.04.06"]
[Round "7"]
[White "Korchmar_Vasiliy"]
[Black "anasta10"]
[Result "1-0"]
[WhiteElo "2672"]
[BlackElo "2534"]
[TimeControl "180+1"]
[EndTime "11:19:10 PDT"]
[Termination "Korchmar_Vasiliy won by resignation"]

1. d4 Nf6 2. Nf3 g6 3. Bg5 Bg7 4.
Nbd2 d5 5. e3 O-O 6. Be2 c5 7.
c3 Nc6 8. dxc5 a5 9. a4 h6 10.
Bh4 e5 11. O-O Qe7 12. Nb3 Be6 13. Bb5 g5 14. Bg3 Bg4 15. h3 Bh5 16. Be2 Ne4 17. Bh2 Bxf3 18. Bxf3 Rfd8 19. Bxe4 dxe4 20. Qg4 Qe6 21.
Qxe6 fxe6 22. Rfd1 Rd5 23. Kf1 Rad8 24. Ke2 Bf8 25. Nd2 Bxc5 26. Nxe4 Be7 27. f3 Kf7 28. Nf2 b5 29. Ng4 h5 30. Rxd5 Rxd5 31. Nf2 bxa4 32. Rxa4 Rb5 33. Ra2 Kg6 34. Nd3 Kf5 35. e4+ Kg6 36.
Bg1 Rb8 37. Bc5 Bxc5 38. Nxc5 Kf7 39. Kd3 Rd8+ 40. Kc2 g4 41. fxg4 hxg4 42. hxg4 Rg8 43. Ra1 Rxg4 44. Rf1+ Ke7 45. Rf2 Kd6 46. Nb3 Rxe4 47.
Kd3 Rg4 48. Nd2 Rg3+ 49. Ke2 Rg4 50. Kd3 Rg3+ 51. Kc4 Rg4+ 52. Kb5 e4 53. Nc4+ Kd7 54. Rf7+ Ne7 55. Ne5+ Ke8 56. Rxe7+ Kxe7 57. Nxg4 Kf7 58. Kxa5 Kg6 59. b4 Kg5 60. Ne3 Kf4 61. Nc2 Kg3 62.
b5 Kf2 63. b6 Ke2 64. b7 Kd2 1-0

[Event "*** Titled Tuesday Blitz"]
[Site "Chess.com"]
[Date "2021.04.06"]
[Round "7"]
[White "Chessdude1987"]
[Black "Blitzking642"]
[Result "1/2-1/2"]
[WhiteElo "2314"]
[BlackElo "2444"]
[TimeControl "180+1"]
[EndTime "11:19:12 PDT"]
[Termination "Game drawn by repetition"]

1. e4 c5 2. Nc3 Nc6 3. g3 g6 4. Bg2 Bg7 5. d3 e6 6. Nh3 Nge7 7. O-O O-O 8. Be3 d6 9. f4 Rb8 10. g4 f5 11. Nf2 b5 12. Qd2 b4 13. Ncd1 Bd7 14. h3 Qa5 15. c3 bxc3 16. bxc3 Qa3 17. Qc2 Nb4 18. Qb3 Qa6 19. Qc4 Qxc4 20. dxc4 Nc2 21. Rc1 Nxe3 22. Nxe3 fxg4 23. Nfxg4 h5 24.
Nh2 Bh6 25. Nf3 Bxf4 26. Rfe1 Rb2 27. Rcd1 Rxa2 28. e5 Bc6 29. exd6 Nf5 30. Nxf5 exf5 31. d7 Rd8 32. Ne5 Rxg2+ 33. Kf1 Bxe5 34. Rxe5 Rh2 35. Rd6 Bxd7 36. Re7 Rxh3 37. Rxg6+ Kf8 38. Rgg7 Rf3+ 39.
Ke2 Be8 40. Kxf3 Rd3+ 41. Ke2 Rxc3 42. Rxa7 Rxc4 43. Rh7 Re4+ 44. Kf3 Kg8 45. Rag7+ Kf8 46. Rc7 Kg8 47. Rcg7+ Kf8 48. Rc7 Kg8 49. Rcg7+ 1/2-1/2

[Event "*** Titled Tuesday Blitz"]
[Site "Chess.com"]
[Date "2021.04.06"]
[Round "7"]
[White "chesslh19"]
[Black "bushrashuaibi"]
[Result "0-1"]
[WhiteElo "2233"]
[BlackElo "2204"]
[TimeControl "180+1"]
[EndTime "11:19:12 PDT"]
[Termination "bushrashuaibi won by resignation"]

1. e4 c5 2. Nf3 Nc6 3. d4 cxd4 4. Nxd4 Nf6 5. Nc3 e5 6. Ndb5 d6 7. Bg5 a6 8. Na3 b5 9. Nd5 Be7 10. Bxf6 Bxf6 11. c3 O-O 12. Nc2 Rb8 13. h4 Be6 14. g3 Qd7 15. Bg2 Bd8 16. Nce3 a5 17. a3 b4 18. axb4 axb4 19. O-O bxc3 20. bxc3 Ne7 21. Qd3 Nxd5 22. Nxd5 g6 23. Rab1 Rxb1 24. Rxb1 f5 25. h5 Qf7 26. hxg6 hxg6 27. Rb2 Bxd5 28. Qxd5 Qxd5 29.
exd5 e4 30. f3 e3 31. Kf1 Bf6 32. Rc2 Rc8 33. Ke2 Bd4 34. Kd3 Bc5 35. f4 Ra8 36. Bf3 Ra1 37. g4 Kg7 38. gxf5 gxf5 39. Kc4 Kf6 40. Be2 Ra4+ 41. Kb5 Rxf4 42. Kc6 Rf2 43.
Kb5 f4 44. Kc4 f3 45. Kd3 fxe2 46. Rxe2 Ke5 47. Re1 Kxd5 48. c4+ Ke5 49. Rh1 Rd2+ 50. Kc3 Bd4+ 51. Kb3 e2 52. Rh5+ Kf4 53. Rh4+ Ke3 54. Rh3+ Kf2 55. Rh2+ Kg1 0-1

[Event "*** Titled Tuesday Blitz"]
[Site "Chess.com"]
[Date "2021.04.06"]
[Round "7"]
[White "Dyadya81"]
[Black "bazar-wokzal"]
[Result "0-1"]
[WhiteElo "2709"]
[BlackElo "2588"]
[TimeControl "180+1"]
[EndTime "11:19:13 PDT"]
[Termination "bazar-wokzal won on time"]

1. e4 Nc6 2. Nc3 Nf6 3. f4 d5 4.
e5 d4 5. Nce2 d3 6. cxd3 Nd5 7.
Nf3 Bg4 8. Ng3 Nxf4 9. Qa4 Bxf3 10.
Qxf4 Bd5 11. b3 e6 12. Bb2 Be7 13. Be2 Bxg2 14. Rg1 Bd5 15. Nh5 Bh4+ 16. Kd1 g6 17. Ng7+ Kf8 18. Qh6 Kg8 19. Nh5 Qf8 20. Qf4 Be7 21.
h4 Rd8 22. Nf6+ Bxf6 23. exf6 e5 24. Qe3 h5 25. Rc1 Kh7 26. Rg5 Qh6 27. Rc5 Rhe8 28. Qg3 Be6 29. Rxc6 bxc6 30. Bxe5 Bf5 31. Bf4 Qf8 32.
Rxf5 Rxe2 33. Qg5 gxf5 34. Qxh5+ Kg8 35. Qg5+ Kh7 36. Qxf5+ Kg8 37. Qg5+ Kh8 38. Kxe2 Re8+ 39. Kd1 Qg8 40. Qh5+ Qh7 41. Qf3 Qg6 42. Bg5 Kh7 43. Qxc6 Rd8 44. Qxc7 Rxd3 45. Qxa7 Rh3 46. Qf2 Qd3 47.
Qg2 Rf3 0-1

[Event "*** Titled Tuesday Blitz"]
[Site "Chess.com"]
[Date "2021.04.06"]
[Round "7"]
[White "tusplingher"]
[Black "GMaka"]
[Result "0-1"]
[WhiteElo "2318"]
[BlackElo "2463"]
[TimeControl "180+1"]
[EndTime "11:19:13 PDT"]
[Termination "GMaka won by resignation"]

1. e4 c6 2. Nc3 d5 3. Nf3 a6 4. exd5 cxd5 5. d4 Bg4 6. Be2 Nc6 7. O-O e6 8. h3 Bh5 9. Bf4 Nf6 10. Re1 Bd6 11.
Bxd6 Qxd6 12. Ne5 Bxe2 13. Qxe2 Nxd4 14. Qd3 Nc6 15. Nc4 Qc5 16. Ne5 Nxe5 17. Rxe5 O-O 18.
Rae1 Rac8 19. Rg5 h6 20. Rge5 Qc4 21. Qg3 d4 22. Ne4 Nxe4 23. R1xe4 Qxc2 24. Rg4 Qh7 25. Rxd4 Rc1+ 26. Kh2 Qb1 27. Qf3 Rh1+ 28. Kg3 Qxb2 29. Ree4 Rc8 30. Rd7 Rc3 31. Re3 Rxe3 32. fxe3 Qe5+ 33.
Kf2 f5 34. Qxb7 Rc1 35. Rd2 a5 36. Qf3 Kh7 37. Qb7 a4 38. Qf3 a3 39. Qa8 Qc3 40. Qd8 Rc2 41. Rxc2 Qxc2+ 42. Kg3 Qxa2 43. Qd6 Qb3 44.
Kf4 a2 45. Qa6 Qd5 46. Qa3 Qxg2 47. Ke5 Qh2+ 48. Kxe6 Qxh3 49. Qxa2 Qxe3+ 50. Kxf5 Qf3+ 51. Ke5 Qf6+ 52. Ke4 h5 53. Qh2 Kh6 54. Qd2+ Qg5 55.
Qd6+ Qg6+ 56. Qxg6+ Kxg6 0-1

[Event "*** Titled Tuesday Blitz"]
[Site "Chess.com"]
[Date "2021.04.06"]
[Round "7"]
[White "ChainsOfFantasia"]
[Black "Darius321"]
[Result "1-0"]
[WhiteElo "2421"]
[BlackElo "2273"]
[TimeControl "180+1"]
[EndTime "11:19:13 PDT"]
[Termination "ChainsOfFantasia won by resignation"]

1. Nf3 d5 2. b3 c5 3. Bb2 Nc6 4.
e3 Nf6 5. Bb5 Bd7 6. O-O a6 7.
Bxc6 Bxc6 8. Ne5 Rc8 9. f4 e6 10. d3 Be7 11. Nd2 O-O 12. Ndf3 b5 13. Qe1 Bb7 14.
g4 Ne8 15. g5 f6 16. gxf6 Bxf6 17. Qg3 c4 18. Rf2 Nd6 19. Qg4 Qe7 20. Ba3 a5 21. Bxd6 Qxd6 22. d4 cxb3 23. axb3 Rc3 24. Rxa5 Rxe3 25.
Ra7 Qb6 26. Rxb7 Qxb7 27. Qxe6+ Kh8 28. Ng6+ hxg6 29. Qxe3 Qa7 30. Ne5 Bxe5 31. fxe5 Rf5 32. Rxf5 gxf5 33. Kg2 Kg8 34. Kf3 Qf7 35. Qg5 g6 36.
Kf4 Kg7 37. Qd8 Qb7 38. Qf6+ Kh7 39. Kg5 Qg7 40. Qxg7+ Kxg7 41. c3 Kf7 42. h4 Kg7 43. h5 f4 44. Kxf4 gxh5 45. Kg5 Kf7 46. Kxh5 b4 47.
cxb4 Ke6 48. Kg6 1-0

[Event "*** Titled Tuesday Blitz"]
[Site "Chess.com"]
[Date "2021.04.06"]
[Round "7"]
[White "Murad_Ibrahimli"]
[Black "Rodalquilar"]
[Result "0-1"]
[WhiteElo "2821"]
[BlackElo "2703"]
[TimeControl "180+1"]
[EndTime "11:19:14 PDT"]
[Termination "Rodalquilar won by checkmate"]

1. Nf3 d5 2. d4 Nf6 3. c4 e6 4. Nc3 a6 5. cxd5 exd5 6. Bf4 c5 7. e3 c4 8. Be2 b5 9. O-O Bb7 10. Ne5 Be7 11. Bf3 O-O 12. a3 Nbd7 13. Nxd7 Qxd7 14. Be5 Ne4 15. Bxe4 dxe4 16. Qh5 f6 17. Bg3 f5 18. Be5 Bf6 19. Bxf6 Rxf6 20. Ne2 Raf8 21. Nf4 Qe7 22.
h4 g6 23. Qh6 Qg7 24. Qxg7+ Kxg7 25. Rfc1 Rc8 26. Rc3 h6 27. b3 cxb3 28. Rxb3 Rb6 29.
a4 g5 30. hxg5 hxg5 31. Ne2 Bd5 32. Rb2 b4 33. a5 Rb5 34. Kf1 Rh8 35. Kg1 Kg6 36.
g4 fxg4 37. Ng3 Rc8 38. Kg2 b3 39. Rh1 Rc2 40. Rbb1 Rxa5 41. Rh8 Raa2 42. Rf8 Bf7 43. Nxe4 Bd5 44. Kg3 Bxe4 45. Rxb3 Ra1 46. Rb6+ Kg7 47.
Re8 Rg1+ 48. Kh2 Rg2+ 49. Kh1 Rc1# 0-1

[Event "*** Titled Tuesday Blitz"]
[Site "Chess.com"]
[Date "2021.04.06"]
[Round "7"]
[White "Natalya_Buksa"]
[Black "andrewtnb"]
[Result "1-0"]
[WhiteElo "2513"]
[BlackElo "2366"]
[TimeControl "180+1"]
[EndTime "11:19:14 PDT"]
[Termination "Natalya_Buksa won on time"]

1. d4 Nf6 2. Nc3 d5 3. Bf4 e6 4. e3 a6 5. Nf3 b5 6. Bd3 Nbd7 7.
O-O Bb7 8. a4 b4 9. Nb1 c5 10.
dxc5 Nxc5 11. Nbd2 Be7 12. Ne5 O-O 13. h3 a5 14. Bb5 Ba6 15. Nc6 Qe8 16. Nb3 Bxb5 17. axb5 a4 18. Nbd4 Nfd7 19. Nf3 Ne4 20. Qe1 Nb6 21. Nfd4 Bc5 22. f3 Nf6 23. Bc7 Nc4 24. b3 axb3 25. Rxa8 Qxa8 26. cxb3 Qb7 27. Bg3 Na3 28.
Qc1 Nd7 29. Kh2 Nxb5 30. Nxb5 Qxb5 31. Nd4 Qb6 32. Qd2 h6 33. f4 Nf6 34. f5 Ne4 35. Qd3 Bxd4 36. exd4 exf5 37. Rxf5 Rc8 38. Rxd5 Nxg3 39.
Qxg3 Qe6 40. Re5 Qd7 41. d5 Rc3 42. Qf4 g5 43. Qe4 Qd6 44. Kh1 Rc1+ 45. Kh2 Kg7 46.
Qd4 Qf6 47. d6 Rd1 48. Qxd1 Qxe5+ 49. Kh1 1-0

[Event "*** Titled Tuesday Blitz"]
[Site "Chess.com"]
[Date "2021.04.06"]
[Round "7"]
[White "reniite"]
[Black "CzechmVIII"]
[Result "1-0"]
[WhiteElo "2047"]
[BlackElo "2197"]
[TimeControl "180+1"]
[EndTime "11:19:14 PDT"]
[Termination "reniite won by resignation"]

1. e4 c5 2. Nf3 d6 3. d4 cxd4 4.
Nxd4 Nf6 5. Nc3 g6 6. g3 Nc6 7. Bg2 Nxd4 8. Qxd4 Bg7 9. Bg5 O-O 10. Qd2 Be6 11.
O-O Rc8 12. Nd5 Re8 13. Bxf6 exf6 14. c4 Rxc4 15. Rad1 f5 16. b3 Rc8 17. Rfe1 fxe4 18. Bxe4 Bg4 19. f3 Be6 20. Nf4 Bc3 21. Qd3 Bxe1 22. Rxe1 Qb6+ 23. Kh1 Rc7 24. Rd1 d5 25. Bxd5 Rd7 26. Nxe6 fxe6 27. Bxe6+ Qxe6 28. Qxd7 Qxd7 29.
Rxd7 Re1+ 30. Kg2 Re2+ 31. Kh3 Rxa2 32. Rxb7 Rb2 33. Kg4 a5 34. h4 a4 35. Rb8+ Kg7 36. Rb7+ Kg8 37. Rb8+ Kf7 38. Rb7+ Kf6 39. Rb6+ Ke5 40.
Rb5+ Kd4 41. bxa4 Ra2 42. Ra5 Kd3 43. Ra7 h6 44. a5 Ra4+ 45. f4 Kd4 46. Ra6 Kc4 47.
Rxg6 Rxa5 48. Rxh6 Kd3 49. Rg6 Ke2 50. Rg5 Ra3 51.
h5 Kf2 52. Kf5 Ra5+ 53. Kg6 Ra6+ 54. Kh7 Ra7+ 55. Rg7 Ra5 56. h6 Kf3 57. g4 Kxf4 58. g5 Rxg5 59. Rxg5 Kxg5 60. Kg7 Kf5 61. h7 Ke4 62. h8=Q Kd3 63. Qe8 1-0

[Event "*** Titled Tuesday Blitz"]
[Site "Chess.com"]
[Date "2021.04.06"]
[Round "7"]
[White "AttilaTurzo"]
[Black "GelmanAlexander"]
[Result "0-1"]
[WhiteElo "2515"]
[BlackElo "2659"]
[TimeControl "180+1"]
[EndTime "11:19:16 PDT"]
[Termination "GelmanAlexander won by checkmate"]

1. d4 Nf6 2. Nf3 c5 3. c3 b6 4. Bg5 Bb7 5. Nbd2 d6 6. e3 Nbd7 7. Bd3 h6 8. Bxf6 Nxf6 9. Qe2 a6 10. e4 e6 11. O-O Be7 12. e5 dxe5 13. dxe5 Nd5 14.
g3 Qc7 15. a4 g5 16. Be4 g4 17. Ne1 Qxe5 18. Nd3 Qc7 19. Qxg4 Nf6 20. Qe2 Nxe4 21. Nxe4 O-O-O 22. f3 h5 23. a5 b5 24. b4 h4 25.
Ndxc5 Bxc5+ 26. bxc5 hxg3 27. Nxg3 Qxc5+ 28. Qf2 Qg5 29. Rad1 Rdg8 30. Rd4 f5 31. f4 Qh4 32. Rd3 e5 33.
Rd2 Rg4 34. Qc5+ Kb8 35. Qxe5+ Ka8 36. Qe3 Rhg8 37. Kf2 Qxh2+ 38. Ke1 Qxg3+ 39. Qxg3 Rxg3 40. Rd7 Rxc3 41. Rf7 Re8+ 42. Kf2 Rc5 43. Re1 Rxe1 44. Kxe1 b4 45. Kd2 Rb5 46. Rf6 b3 47. Rb6 Rxb6 48. axb6 a5 49. Kc3 a4 50. Kb2 Bd5 51. Ka3 Kb7 52.
Kb2 Kxb6 53. Ka3 Kb5 54. Kb2 Kb4 55. Kb1 a3 56. Ka1 b2+ 57. Kb1 Be4+ 58. Ka2 b1=Q# 0-1

[Event "*** Titled Tuesday Blitz"]
[Site "Chess.com"]
[Date "2021.04.06"]
[Round "7"]
[White "Redbandit87"]
[Black "IriBu"]
[Result "1-0"]
[WhiteElo "2418"]
[BlackElo "2542"]
[TimeControl "180+1"]
[EndTime "11:19:16 PDT"]
[Termination "Redbandit87 won by resignation"]

1. d4 Nf6 2. Bf4 e6 3. e3 d6 4. Nd2 g6 5. Ngf3 Bg7 6. h3 b6 7. Bh2 Bb7 8. Be2 O-O 9. O-O Nbd7 10. c4 Qe7 11. Re1 a5 12. Bf1 e5 13. Rc1 e4 14.
Nh4 Nh5 15. g3 f5 16. b3 c5 17. d5 Ne5 18. Ng2 b5 19. Nf4 Nxf4 20. gxf4 Nd7 21. Bg3 b4 22. f3 Bc3 23. fxe4 fxe4 24. Bg2 a4 25. Nxe4 Bxe1 26. Qxe1 axb3 27. axb3 Nf6 28.
Bh4 Ra2 29. Nxf6+ Rxf6 30. e4 Qg7 31. Bxf6 Qxf6 32. Qg3 Qd4+ 33. Kh1 Re2 34. Rf1 Bc8 35. f5 Qe5 36. Qxe5 dxe5 37. fxg6 hxg6 38. Rf6 Re3 39.
Rxg6+ Kf7 40. Rc6 Bxh3 41. Bxh3 Rxh3+ 42. Kg2 Rxb3 43. Rxc5 Re3 44. Rb5 b3 45. c5 Rxe4 46. Rxb3 Rd4 47. Rb7+ Kf6 48. d6 Rd5 49. Rc7 Ke6 50.
Kf3 Rd4 51. Ke3 Rd1 52. Re7+ Kf6 53. Re8 Rd5 54. Rc8 Ke6 55. Rc7 Rd4 56. Rh7 Kd5 57. Rc7 Ke6 58. Ke2 Rd5 59. Rc8 Rd4 60. Re8+ Kd5 61. d7 1-0

[Event "*** Titled Tuesday Blitz"]
[Site "Chess.com"]
[Date "2021.04.06"]
[Round "7"]
[White "ega2006"]
[Black "Gerodot71"]
[Result "1-0"]
[WhiteElo "2419"]
[BlackElo "2537"]
[TimeControl "180+1"]
[EndTime "11:19:19 PDT"]
[Termination "ega2006 won by resignation"]

1. e4 e5 2. Nf3 Nc6 3. Bc4 Bc5 4. O-O Nf6 5. d3 d6 6. c3 a6 7. a4 Ba7 8. Nbd2 h6 9. Re1 O-O 10. h3 Be6 11. Bxe6 fxe6 12. b4 Nh5 13. Nf1 Nf4 14. Be3 Qf6 15. Bxa7 Nxa7 16. Re3 Nc6 17. Kh2 g5 18. g3 Ng6 19. N1d2 h5 20. b5 Nce7 21.
Re2 g4 22. Ng1 Kg7 23. Nf1 h4 24. Ne3 gxh3 25. Nxh3 Qf3 26. Re1 Qf6 27. Qg4 Rh8 28.
Kg2 Raf8 29. Ra2 Rfg8 30. Ng5 Nf8 31. bxa6 bxa6 32. gxh4 Neg6 33. Rh1 Nf4+ 34. Kf1 Kh6 35. Rd2 N8g6 36. Qg3 Ne7 37. Ng4+ Kg7 38. Nxf6 Kxf6 39.
Qf3 Rb8 40. Rd1 Rb2 41. Nh3 Ng6 42. h5 Rb1 43. Rxb1 Nh4 44. Nxf4 Nxf3 45. Ke2 Ng5 46. Ng6 Rh6 47. Rbg1 Nf7 48. Nh4 Rh7 49. Nf3 Ke7 50. Rg6 Rxh5 51. Rxh5 1-0

[Event "*** Titled Tuesday Blitz"]
[Site "Chess.com"]
[Date "2021.04.06"]
[Round "7"]
[White "googlegoom"]
[Black "Harry_Rakkel"]
[Result "1-0"]
[WhiteElo "2449"]
[BlackElo "2574"]
[TimeControl "180+1"]
[EndTime "11:19:20 PDT"]
[Termination "googlegoom won on time"]

1. Nf3 d5 2. b3 Nf6 3. Bb2 Bf5 4. e3 e6 5. Be2 h6 6. O-O Be7 7. d4 O-O 8. Nbd2 a5 9. a3 Nbd7 10. c4 c6 11. Bc3 Ne4 12. Nxe4 Bxe4 13. Nd2 Bg6 14.
b4 a4 15. Bb2 dxc4 16. Nxc4 Be4 17. Rc1 Bd5 18. Qc2 Nb6 19. Na5 Qd7 20. e4 Ba2 21.
Ra1 Bb3 22. Nxb3 axb3 23. Qxb3 Bf6 24. Rfd1 Rfd8 25. a4 Qc7 26. Bc3 Nc8 27. b5 cxb5 28.
axb5 Rxa1 29. Bxa1 Qb6 30. Qb4 Be7 31. Qc3 Nd6 32. d5 e5 33. Qxe5 Bf6 34. Qf4 Bxa1 35. Rxa1 Re8 36. e5 Nxb5 37. Bxb5 Qxb5 38. Rd1 Qb3 39.
Qd4 Rxe5 40. d6 Re8 41. d7 Rd8 42. g3 Qe6 43. h4 h5 44. Qa4 b6 45. Qb5 g6 46. Kg2 Qg4 47. Qd5 Qe6 48. Qb7 Kg7 49. Kg1 Qe2 50. Rd5 Qe1+ 51. Kg2 Qe4+ 52. Kh2 Qf3 53. Kg1 Qe4 54. Qc6 Qe1+ 55. Kg2 Qe4+ 56.
Kh2 Qe2 57. Qxb6 Qf3 58. Qd6 Qxf2+ 59. Kh1 1-0

[Event "*** Titled Tuesday Blitz"]
[Site "Chess.com"]
[Date "2021.04.06"]
[Round "7"]
[White "LawrenceTrent"]
[Black "JoliyRoger"]
[Result "0-1"]
[WhiteElo "2541"]
[BlackElo "2413"]
[TimeControl "180+1"]
[EndTime "11:19:20 PDT"]
[Termination "JoliyRoger won on time"]

1. d4 Nf6 2. Nc3 d6 3. e4 g6 4. Bg5 Bg7 5. e5 Ng8 6. Nf3 h6 7. Bh4 c6 8. exd6 Qxd6 9. Bc4 Be6 10. Qe2 Bxc4 11. Qxc4 Nf6 12. Ne5 Nd5 13. Nxd5 Qxd5 14. Qxd5 cxd5 15. O-O-O Nc6 16. Nxc6 bxc6 17. Rhe1 e6 18.
Bg3 Kd7 19. Re3 Rhc8 20. c4 c5 21. dxc5 Rxc5 22. b3 d4 23. Red3 e5 24. f3 f5 25. Bf2 g5 26. g4 fxg4 27. fxg4 Rf8 28.
Bg1 Kc8 29. Re1 Rf4 30. h3 Rf7 31. Kc2 Rc6 32. Rd2 Rf3 33. Rd3 Rcf6 34. Rxe5 Rxd3 35. Rc5+ Kd7 36. Kxd3 Rf3+ 37. Ke4 Rg3 38. Bxd4 Bxd4 39. Kxd4 Rxh3 40. Ra5 Rh4 41. Rxa7+ Kc6 42. Ra6+ Kb7 43. Rg6 Rxg4+ 44. Kc5 h5 45. a4 h4 46. a5 h3 47. Rg7+ Kb8 48. Kb6 Kc8 49. a6 h2 50.
Rh7 Rh4 51. Rc7+ Kd8 52. a7 Rh6+ 0-1

[Event "*** Titled Tuesday Blitz"]
[Site "Chess.com"]
[Date "2021.04.06"]
[Round "7"]
[White "maximych26"]
[Black "PotapovaM"]
[Result "1/2-1/2"]
[WhiteElo "2276"]
[BlackElo "2477"]
[TimeControl "180+1"]
[EndTime "11:19:20 PDT"]
[Termination "Game drawn by repetition"]

1. e4 c5 2. Nf3 d6 3. Bb5+ Nd7 4. O-O a6 5. Bxd7+ Bxd7 6. e5 dxe5 7. Nxe5 Nf6 8. d4 e6 9. Nc3 Be7 10. d5 exd5 11. Nxd5 Nxd5 12. Qxd5 Be6 13. Qxb7 Qc8 14. Qf3 O-O 15. Re1 Bf6 16. Bf4 c4 17. c3 Qc5 18.
Qg3 Rad8 19. h3 g6 20. Ng4 Bg7 21. Rad1 Qb5 22. Be5 Bxg4 23. Rxd8 Rxd8 24. Bxg7 Kxg7 25. hxg4 Qxb2 26. Qe5+ Kg8 27. Qc7 Qd2 28. Re7 Qd1+ 29. Kh2 Qd6+ 30. Qxd6 Rxd6 31. Rc7 Rd2 32. Rxc4 Rxf2 33.
Ra4 Rc2 34. Rxa6 Rxc3 35. a4 Kg7 36. Ra8 Kf6 37. g3 Kg5 38. Kh3 Rc1 39. Rh8 Ra1 40.
Ra8 Rh1+ 41. Kg2 Rb1 42. Kh3 Rb4 43. Ra5+ Kf6 44. g5+ Kg7 45. Ra7 Rc4 46. a5 Rc5 47.
Kh4 Rc4+ 48. Kh3 Ra4 49. a6 Ra5 50. Kh4 Ra4+ 51. Kh3 Rb4 52. Rb7 Ra4 53. a7 Ra5 54. Kh4 Ra4+ 55. Kh3 Ra5 56. Kh4 Ra6 57. Kh3 Ra5 1/2-1/2

[Event "*** Titled Tuesday Blitz"]
[Site "Chess.com"]
[Date "2021.04.06"]
[Round "7"]
[White "TooOldTooSlow70"]
[Black "scarabee43"]
[Result "0-1"]
[WhiteElo "2491"]
[BlackElo "2623"]
[TimeControl "180+1"]
[EndTime "11:19:21 PDT"]
[Termination "scarabee43 won by resignation"]

1. Nf3 Nf6 2. c4 e6 3. Nc3 b6 4. g3 Bb7 5. Bg2 g6 6. O-O Bg7 7. Re1 O-O 8. e4 d6 9. d4 Nbd7 10. Bf4 Qe7 11. Qd2 e5 12. Bh6 Rfe8 13. Bxg7 Kxg7 14.
Rac1 Rad8 15. Nd5 Bxd5 16. cxd5 Rc8 17. h3 Red8 18. Kh2 Nb8 19. dxe5 dxe5 20. Qc3 Nfd7 21.
Red1 c5 22. Nd2 b5 23. a4 a6 24. Qa5 Qf6 25. Kg1 Qb6 26. Qxb6 Nxb6 27. axb5 axb5 28. Nb3 c4 29. Na5 Rd7 30. b4 Na4 31. Rc2 Rcd8 32. f4 f6 33. Kf2 Rd6 34. Rb1 Nd7 35.
Nc6 Re8 36. Ra1 Ra8 37. Bf1 exf4 38. gxf4 f5 39. Bg2 fxe4 40. Bxe4 Nf6 41. Bg2 Nxd5 42.
Bxd5 Rxd5 43. Ne5 Rf8 44. Nxc4 Rxf4+ 45. Kg3 g5 46. Ne3 Rd3 47. Re1 Nc3 48. Kg2 Re4 49. Kf3 Rxb4 50. Kf2 Rf4+ 51. Kg3 b4 52. Kg2 b3 53. Rb2 Rb4 54. Ng4 Rb7 55. Re6 Na4 56.
Rbe2 b2 57. Re7+ Rxe7 58. Rxe7+ Kf8 59. Rb7 Rd1 60. Nf6 b1=Q 61. Nxh7+ Ke8 62. Nf6+ Kd8 63.
Rxb1 Rxb1 64. Ne4 0-1

[Event "*** Titled Tuesday Blitz"]
[Site "Chess.com"]
[Date "2021.04.06"]
[Round "7"]
[White "Vugar_Manafov"]
[Black "Vamostodorecto"]
[Result "0-1"]
[WhiteElo "2657"]
[BlackElo "2459"]
[TimeControl "180+1"]
[EndTime "11:19:22 PDT"]
[Termination "Vamostodorecto won by resignation"]

1. d4 Nf6 2. c4 c5 3. d5 e6 4. Nc3 exd5 5. cxd5 d6 6. Nf3 g6 7. Bf4 Bg7 8. Qa4+ Bd7 9. Qb3 Bc8 10. Qb5+ Qd7 11. Bxd6 b6 12. e4 Ba6 13. Qxd7+ Kxd7 14. Bxa6 Nxa6 15. Be5 Rhe8 16. O-O Nb4 17. Rad1 Re7 18.
a3 Na6 19. b4 cxb4 20. axb4 Nxb4 21. Rb1 Nd3 22. Bd4 Rc8 23. Ra1 Ke8 24. d6 Rd7 25. e5 Ng4 26. h3 Ngxe5 27. Nxe5 Bxe5 28. Bxe5 Nxe5 29. Ne4 Kf8 30. Rfe1 Nc4 31. Rad1 Kg7 32. Rd4 b5 33. Rc1 Rcd8 34. g4 f5 35. gxf5 gxf5 36. Ng3 Nxd6 37. Rd5 Kf6 38. Rcd1 Ke6 39. R5d2 Ne4 40.
Rxd7 Rxd7 41. Re1 Kf6 42. Nxe4+ fxe4 43. Rxe4 Rb7 44. Rf4+ Ke5 45. Rh4 b4 46. f4+ Ke4 47.
f5+ Kxf5 48. Rh6 b3 49. Rxh7 Rxh7 0-1

[Event "*** Titled Tuesday Blitz"]
[Site "Chess.com"]
[Date "2021.04.06"]
[Round "7"]
[White "MIJuanReyesRosa"]
[Black "monikarozman"]
[Result "1-0"]
[WhiteElo "2005"]
[BlackElo "2185"]
[TimeControl "180+1"]
[EndTime "11:19:22 PDT"]
[Termination "MIJuanReyesRosa won on time"]

1. d4 Nf6 2. Nf3 d5 3. c4 e6 4. Nc3 Bb4 5. cxd5 exd5 6. Bg5 O-O 7. e3 Bf5 8. Qb3 Bxc3+ 9. Qxc3 Nbd7 10. Ne5 c6 11. Nxd7 Bxd7 12. Bd3 h6 13. Bh4 Qe7 14. O-O g5 15. Bg3 Ne4 16. Bxe4 dxe4 17. f4 f5 18. fxg5 hxg5 19. Be5 Rf7 20. Rac1 Be6 21. Qd2 Raf8 22. b3 Bd5 23. Qf2 Qe6 24. Qg3 Qh6 25. Bf4 Rg7 26. Be5 Rg6 27. Rc2 Kh7 28. Rcf2 f4 29.
exf4 gxf4 30. Bxf4 Rxg3 31. Bxh6 Rxf2 32. Kxf2 Rc3 33.
Rc1 Rd3 34. Be3 Kg6 35. g4 a5 36.
h4 a4 37. bxa4 Ra3 38. Rc2 Rxa4 39. h5+ Kh7 40. Kg3 Ra8 41. g5 Rf8 42. g6+ Kg7 43. Kg4 Rf3 44. Re2 Rf1 45. Kg5 Be6 46. h6+ Kg8 47. h7+ Kg7 48. d5 cxd5 49. Bd4+ 1-0

[Event "*** Titled Tuesday Blitz"]
[Site "Chess.com"]
[Date "2021.04.06"]
[Round "7"]
[White "Byniolus"]
[Black "pastouche06"]
[Result "1-0"]
[WhiteElo "2875"]
[BlackElo "2604"]
[TimeControl "180+1"]
[EndTime "11:19:23 PDT"]
[Termination "Byniolus won on time"]

1. d4 d5 2. Bf4 Nf6 3. e3 c5 4. c3 Nc6 5. Nd2 e6 6. Bd3 Bd6 7. Bxd6 Qxd6 8. f4 cxd4 9. cxd4 O-O 10. a3 a5 11. Ngf3 b6 12. Qe2 Bb7 13. O-O Ne7 14. Rfc1 Rfc8 15. Ne5 Rxc1+ 16. Rxc1 Rc8 17. Rxc8+ Bxc8 18. Ndf3 h6 19. Qc2 Bb7 20. Nd2 Qd8 21. g4 Qc8 22.
Qxc8+ Bxc8 23. g5 hxg5 24. fxg5 Ne8 25. h4 f6 26. Nef3 Nd6 27. Kf2 Bd7 28. e4 dxe4 29.
Nxe4 Nxe4+ 30. Bxe4 Kf7 31. Ke3 Bc6 32. Bxc6 Nxc6 33.
h5 fxg5 34. Nxg5+ Kf6 35. Ne4+ Kf5 36. Nd6+ Kg5 37. Nc4 b5 38. Nd6 b4 39. Ne8 Kh6 40.
a4 g6 41. hxg6 Kxg6 42. Kd3 Kf7 43. Nc7 Ke7 44. Kc4 Kd6 45. Nb5+ Kd7 46. Kc5 Ne7 47. Kb6 Nc6 48. Nc7 Kd6 49. Ne8+ Kd5 50. Nc7+ Kd6 51. Ne8+ Kd5 52. Nf6+ Kd6 53. Kb5 Ne7 54. Kxa5 1-0